 Dungeon Crawl Stone Soup version 0.21.1-1-g345015fe64 (webtiles) character file.

77 Ivernyr the Charmwright (level 4, -3/33 HPs)
             Began as a Human Skald on May 2, 2018.
             Killed from afar by htuhola's ghost (11 damage)
             ... with a puff of flame
             ... on level 3 of the Dungeon.
             The game lasted 00:04:24 (2293 turns).

Ivernyr the Charmwright (Human Skald)               Turns: 2293, Time: 00:04:25

Health: -3/33      AC:  3    Str: 12    XL:     4   Next: 58%
Magic:  7/7        EV: 12    Int: 13    God:
Gold:   51         SH:  0    Dex: 13    Spells: 2/7 levels left

rFire    . . .     SeeInvis .   a - +0 falchion
rCold    . . .     Gourm    .   (no shield)
rNeg     . . .     Faith    .   b - +0 leather armour
rPois    .         Spirit   .   (no helmet)
rElec    .         Reflect  .   (no cloak)
rCorr    .         Harm     .   (no gloves)
MR       .....                  (no boots)
Stlth    +.........             (no amulet)
HPRegen  0.11/turn              (no ring)
MPRegen  0.10/turn              (no ring)

@: no status effects
A: no striking features
a: no special abilities


You were on level 3 of the Dungeon.
You were hungry.

You visited 1 branch of the dungeon, and saw 3 of its levels.

You collected 51 gold pieces.

Inventory:

Hand Weapons
 a - a +0 falchion (weapon)
Armour
 b - a +0 leather armour (worn)
Scrolls
 g - a scroll of amnesia {unknown}
 h - a scroll of random uselessness {unknown}
 i - a scroll of blinking {unknown}
 k - a scroll of remove curse {unknown}
 l - a scroll of fear {unknown}
Potions
 e - a potion of invisibility
 f - a potion of heal wounds
 j - a potion of agility {unknown}
Books
 c - a book of Battle

   Spells                             Type                      Level
   a - Infusion                       Charms                       1
   b - Shroud of Golubria             Charms/Translocation         2
   c - Song of Slaying                Charms                       2
   d - Spectral Weapon                Hexes/Charms                 3
   e - Regeneration                   Charms/Necromancy            3
Comestibles
 d - 4 rations


   Skills:
 - Level 2.0 Fighting
 + Level 2.7 Long Blades
 * Level 2.9 Armour
 - Level 2.0 Dodging
 - Level 2.0 Spellcasting
 + Level 3.6 Charms


You had 2 spell levels left.
You knew the following spells:

 Your Spells              Type           Power        Failure   Level  Hunger
a - Shroud of Golubria    Chrm/Tloc      #.........   24%         2    ###....
b - Song of Slaying       Chrm           ##......     11%         2    ###....
c - Infusion              Chrm           ##..         8%          1    ##.....


Dungeon Overview and Level Annotations

Branches:
Dungeon (3/15)

Altars:
The Shining One

Annotations:
D:3 htuhola's ghost, amateur DgFE


Message History

You hit htuhola's ghost.
Htuhola's ghost is lightly damaged.
Htuhola's ghost closely misses you. Htuhola's ghost hits you.
* * * LOW HITPOINT WARNING * * *
You closely miss htuhola's ghost.
Htuhola's ghost is lightly damaged.
Htuhola's ghost points at you and mumbles some strange words.
The flame tongue misses you.
You closely miss htuhola's ghost.
Htuhola's ghost is lightly damaged.
Htuhola's ghost closely misses you.
You riposte.
You hit htuhola's ghost.
Htuhola's ghost is moderately damaged.
You closely miss htuhola's ghost.
Htuhola's ghost is moderately damaged.
Htuhola's ghost barely misses you.
You closely miss htuhola's ghost.
Htuhola's ghost is moderately damaged.
Htuhola's ghost points at you and mumbles some strange words.
The puff of flame hits you!
You die...

### # #
###.. +.#.
..#.#
..##.#.#
....#W#
#.###..#@#
#......#.#
###....#
#...<###
#...##
#.#. # #.
.. #.


You could see htuhola's ghost.

Vanquished Creatures
  3 adders (D:2)
  A worm (D:2)
  A dart slug (D:1)
  3 ball pythons (D:2)
  2 giant cockroaches (D:2)
  5 goblins (D:1)
  5 hobgoblins
  3 jackals (D:1)
  3 kobolds
  2 quokkas (D:2)
  4 bats
  3 frilled lizards
  10 rats
45 creatures vanquished.

Notes
Turn   | Place    | Note
-------+----------+-------------------------------------------
     0 | D:1      | Ivernyr the Human Skald began the quest for the Orb.
     0 | D:1      | Reached XP level 1. HP: 16/16 MP: 3/3
   190 | D:1      | Reached XP level 2. HP: 21/22 MP: 5/5
   194 | D:1      | Learned a level 2 spell: Song of Slaying
   197 | D:1      | Learned a level 2 spell: Shroud of Golubria
  1076 | D:2      | Reached XP level 3. HP: 24/27 MP: 1/6
  1717 | D:2      | Reached XP level 4. HP: 33/33 MP: 7/7
  1718 | D:2      | Found a glowing golden altar of the Shining One.
  2279 | D:3      | Noticed htuhola's ghost (amateur DgFE)
  2293 | D:3      | Killed from afar by htuhola's ghost

Skill      XL: |  1  2 |
---------------+-------+-----
Armour         | 2 |  2.9
Fighting       | |  2.0
Long Blades    | |  2.7
Dodging        | |  2.0
Spellcasting   | |  2.0
Charms         | |  3.6

Action                   |  1- 3 |  4- 6 || total
-------------------------+-------+-------++-------
Melee: Falchion          |   129 |    63 ||   192
 Cast: Infusion          |     1 |       ||     1
       Shroud of Golubri |     4 |     4 ||     8
  Use: Potion            |       |     2 ||     2
 Stab: Sleeping          |     2 |       ||     2
  Eat: Chunk             |     3 |     2 ||     5
Armor: Leather armour    |    44 |    30 ||    74
Dodge: Dodged            |   114 |    58 ||   172
       Rpst.: Falchion   |    33 |    19 ||    52
